 Dungeon Crawl Stone Soup version 0.21.0-30-g47ce8e4 (webtiles) character file.

40706 komo4ek the Dancer (level 13, -8/103 HPs)
             Began as a Demonspawn Gladiator on Jan 28, 2018.
             Was a Priest of Uskayaw.
             Mangled by a death yak (14 damage)
             ... on level 6 of the Lair of Beasts.
             The game lasted 00:54:25 (21040 turns).

komo4ek the Dancer (Demonspawn Gladiator)          Turns: 21040, Time: 00:54:26

Health: -8/103     AC: 13    Str: 24    XL:     13   Next: 76%
Magic:  0/23       EV: 19    Int: 11    God:    Uskayaw [***...]
Gold:   1255       SH: 11    Dex: 19    Spells: 12/12 levels left

rFire    . . .     SeeInvis .   K - +2 scimitar (venom)
rCold    + . .     Gourm    .   y - +0 shield
rNeg     . . .     Faith    .   g - +2 chain mail {MR+}
rPois    +         Spirit   +   (helmet restricted)
rElec    .         Reflect  +   J - scarf {Spirit}
rCorr    .         Harm     .   (gloves unavailable)
MR       +....                  (boots unavailable)
Stlth    ..........             n - +3 amulet of reflection
HPRegen  0.27/turn              P - ring of poison resistance
MPRegen  0.18/turn              D - +2 ring of evasion

@: mighty, agile
A: claws 3, horns 2, talons 3, cold resistance 1, demonic guardian 1, freezing
cloud immunity
a: Stomp, Line Pass, Renounce Religion


You were on level 6 of the Lair of Beasts.
You worshipped Uskayaw.
Uskayaw was pleased with you.
You were not hungry.

You visited 3 branches of the dungeon, and saw 20 of its levels.

You collected 1255 gold pieces.

Inventory:

Hand Weapons
 K - a +2 scimitar of venom (weapon)
Missiles
 d - 4 throwing nets (quivered)
Armour
 g - a +2 chain mail of magic resistance (worn)
 y - a +0 shield (worn)
 J - a scarf of spirit shield (worn)
 S - the +0 leather armour "Ekeowk" {rElec rCorr}
   (You found it on level 1 of the Lair of Beasts)

   It insulates you from electricity.
   It protects you from acid and corrosion.
 T - a +0 scale mail of magic resistance
 X - the +4 ring mail of the Moneychanger {*Contam +Blink rElec rPois, unknown}
   (You found it on level 5 of the Lair of Beasts)

   It insulates you from electricity.
   It protects you from poison.
   It lets you blink.
   It causes magical contamination when unequipped.
Jewellery
 n - a +3 amulet of reflection (around neck)
 o - an uncursed ring of see invisible
 x - a cursed -3 ring of protection
 D - a +2 ring of evasion (right claw)
 G - an uncursed ring of protection from cold
 P - a ring of poison resistance (left claw)
Wands
 s - a wand of flame (45)
 t - a wand of random effects (52)
 w - a wand of iceblast (10)
 B - a wand of polymorph (4)
 W - a wand of digging (17)
Scrolls
 c - a scroll of blinking {unknown}
 h - 6 scrolls of remove curse
 k - 12 scrolls of teleportation
 q - 3 scrolls of magic mapping
 u - 8 scrolls of enchant weapon
 z - 2 scrolls of fog
 C - 4 scrolls of amnesia
 H - 3 scrolls of immolation
 Q - a scroll of enchant armour {unknown}
 R - 6 scrolls of identify
Potions
 a - a potion of flight {unknown}
 b - a potion of cancellation
 i - 3 potions of curing
 m - a potion of mutation {unknown}
 r - a potion of brilliance
 v - a potion of agility
 A - a potion of resistance {unknown}
 E - 3 potions of heal wounds {unknown}
 F - a potion of degeneration {unknown}
 I - a potion of lignification {unknown}
 N - a potion of invisibility
 O - 3 potions of experience {unknown}
Books
 e - a book of Geomancy

   Spells                             Type                      Level
   a - Sandblast                      Earth                        1
   b - Passwall                       Transmutation/Earth          2
   c - Stone Arrow                    Conjuration/Earth            3
   d - Petrify                        Transmutation/Earth          4
   e - Lee's Rapid Deconstruction     Earth                        5
 p - a book of Spatial Translocations

   Spells                             Type                      Level
   a - Blink                          Translocation                2
   b - Shroud of Golubria             Charms/Translocation         2
   c - Lesser Beckoning               Translocation                3
   d - Gell's Gravitas                Translocation                3
   e - Teleport Other                 Translocation                3
   f - Passage of Golubria            Translocation                4
 M - a book of Changes

   Spells                             Type                      Level
   a - Beastly Appendage              Transmutation                1
   b - Sticks to Snakes               Transmutation                2
   c - Spider Form                    Transmutation/Poison         3
   d - Ice Form                       Ice/Transmutation            4
   e - Blade Hands                    Transmutation                5
Miscellaneous
 L - a phantom mirror
Comestibles
 f - 38 rations


   Skills:
 + Level 10.1 Fighting
 * Level 12.3 Long Blades
 - Level 1.7 Throwing
 + Level 9.1 Armour
 + Level 9.6 Dodging
 + Level 13.9 Invocations


You had 12 spell levels left.
You didn't know any spells.

Dungeon Overview and Level Annotations

Branches:
Dungeon (13/15)            Temple (1/1) D:4            Lair (6/6) D:10
  Swamp (0/4) Lair:4       Spider (0/4) Lair:2        Slime (0/5) Lair:6
    Orc (0/2) D:10
 Vaults: D:13-14

Altars:
Ashenzari
Dithmenos
Gozag
Nemelex Xobeh
Qazlal
Ru
Sif Muna
Uskayaw
Vehumet
Wu Jian
Yredelemnul
Zin
The Shining One
Beogh

Shops:
D:6 %   D:7 }   D:11 (   D:12 %

Annotations:
D:12 Zhenya24pyc's ghost, journeyman GrFi


Innate Abilities, Weirdness & Mutations

You have claws for hands.
You have a pair of horns on your head.
You have claws for feet.
Your flesh is cold resistant. (rC+)
A weak demonic guardian rushes to your aid.
You are immune to freezing clouds.


Message History

The death yak resists with almost no effort.
The death yak looks frightened!
The death yak easily resists.
The yak looks frightened! x6; You block the death yak's attack.
You feel better. You block the yak's attack.
Cornered, the death yak turns to fight!
You block the death yak's attack.
You hit the death yak. Your kick misses the death yak.
You headbutt the death yak, but do no damage.
The death yak is almost dead.
The yak gores you but does no damage. The death yak gores you!
* * * LOW HITPOINT WARNING * * *
You feel very mighty all of a sudden. The death yak gores you.
* * * LOW HITPOINT WARNING * * *
Cornered, the yak turns to fight!
You block the yak's attack. The death yak gores you!!
* * * LOW HITPOINT WARNING * * *
It was a potion of agility.
You feel agile all of a sudden. The death yak gores you!
You die...

#######.##.P.........[.(.
####...............
#...............
###..Y.........P..
#....#.#.P........
##...#...... #
#.......P.. #.
##Y#.##P#.. #.. ##@#...#
### ##.. #Y#YY5Y# #P..
#Y.Y..## ## P...
##.Y...## #.##...
#......P# ###......
#.......## #........
#Y......Y.# #........
##..Y.Y.... .........
.......♣♣. ♣#......


You could see 3 death yaks, 8 yaks and a friendly iron imp.

Vanquished Creatures
  Josephine (D:12)
  2 hydras (Lair:6)
  2 two-headed ogres
  A catoblepas (Lair:2)
  3 death yaks
  An unseen horror (D:11)
  An orc knight (D:10)
  An oklob plant (Lair:1)
  2 black mambas
  2 torpor snails
  2 gargoyles
  12 spiny frogs
  A centaur skeleton (D:11)
  A rime drake (Lair:6)
  3 komodo dragons
  A queen bee (Lair:3)
  A wolf spider simulacrum (D:12)
  3 trolls
  2 polar bears
  7 slime creatures
  10 hippogriffs
  5 blink frogs
  A spriggan (Lair:2)
  A wyvern (D:11)
  2 redbacks (Lair:2)
  3 wraiths (D:12)
  42 yaks
  Grum (Lair:1)
  3 basilisks
  A steam dragon (D:11)
  2 vampire mosquitoes (D:12)
  14 water moccasins
  9 porcupines
  Duvessa (D:7)
  2 sky beasts
  4 phantoms
  6 orc warriors
  6 black bears
  An ice beast (D:10)
  A necrophage (D:10)
  3 ogres
  26 wolves
  A centaur (D:5)
  14 crocodiles
  A big kobold (D:8)
  A gnoll sergeant (D:10)
  10 bullfrogs
  Dowan (D:7)
  4 scorpions
  30 killer bees
  4 wights (D:12)
  An electric eel (Lair:4)
  2 howler monkeys
  5 crimson imps
  4 hounds
  A bullfrog zombie (D:6)
  A gnoll shaman (D:8)
  11 orc wizards
  7 orc priests
  3 jellies
  Crazy Yiuf (D:4)
  5 iguanas
  14 worker ants
  Terence (D:3)
  5 hell rats (Lair:6)
  2 hound zombies
  A howler monkey zombie (D:10)
  9 gnolls
  9 adders
  A howler monkey skeleton (D:10)
  5 shadow imps
  An adder zombie (D:9)
  3 worms
  4 dart slugs
  5 leopard geckos
  53 orcs
  3 giant cockroaches
  5 goblins
  4 hobgoblins
  8 jackals
  6 kobolds
  5 quokkas
  4 ball pythons
  A ball python skeleton (D:5)
  5 bats
  2 frilled lizards (D:4)
  2 jackal skeletons
  A leopard gecko skeleton (D:9)
  5 rats
  A fungus (D:4)
465 creatures vanquished.

Vanquished Creatures (collateral kills)
  An unseen horror (D:8)
  A black mamba (Lair:4)
  A rime drake (Lair:5)
  A troll (D:12)
  A blink frog (Lair:1)
  A wraith (D:12)
  3 yaks
  A basilisk (D:10)
  A steam dragon (D:12)
  A water moccasin (Lair:6)
  A sky beast (D:6)
  An ice beast (D:8)
  2 wolves (Lair:2)
  An ogre (D:8)
  A crocodile (Lair:1)
  A centaur (D:6)
  2 bullfrogs
  2 howler monkeys
  A bullfrog skeleton (D:5)
  3 orc priests
  A gnoll shaman (D:6)
  A hound (D:2)
  3 orc wizards
  2 gnolls
  An adder (D:2)
  An adder zombie (D:6)
  6 orcs
  2 goblins
44 creatures vanquished.

Vanquished Creatures (others)
  2 bushes (D:10)
  10 fungi
  17 plants
29 creatures vanquished.

Grand Total: 538 creatures vanquished

Notes
Turn   | Place    | Note
-------+----------+-------------------------------------------
     0 | D:1      | komo4ek the Demonspawn Gladiator began the quest for the Orb.
     0 | D:1      | Reached XP level 1. HP: 16/16 MP: 1/1
   226 | D:1      | Gained mutation: A weak demonic guardian rushes to your aid. [demonic ancestry]
   226 | D:1      | Reached XP level 2. HP: 22/22 MP: 2/2
   796 | D:2      | Gained mutation: You have sharp fingernails. [demonic ancestry]
   796 | D:2      | Reached XP level 3. HP: 23/27 MP: 3/3
  1021 | D:2      | Found a sacrificial altar of Ru.
  1420 | D:2      | Gained mutation: You have a pair of small horns on your head. [demonic ancestry]
  1420 | D:2      | Reached XP level 4. HP: 33/33 MP: 4/4
  1915 | D:3      | Reached skill level 5 in Long Blades
  1973 | D:3      | Gained mutation: You have sharp toenails. [demonic ancestry]
  1973 | D:3      | Reached XP level 5. HP: 9/38 MP: 5/5
  2558 | D:3      | Noticed Terence
  2566 | D:3      | Killed Terence
  3008 | D:4      | Found a staircase to the Ecumenical Temple.
  3061 | Temple   | Entered the Ecumenical Temple
  3073 | Temple   | Became a worshipper of Uskayaw the Reveler
  3114 | D:4      | Reached * piety under Uskayaw
  3173 | D:4      | Gained mutation: You have a pair of horns on your head. [demonic ancestry]
  3173 | D:4      | Reached XP level 6. HP: 21/44 MP: 6/6
  3594 | D:4      | Reached ** piety under Uskayaw
  3697 | D:4      | Found a runed door.
  3701 | D:4      | Noticed Crazy Yiuf
  3707 | D:4      | Killed Crazy Yiuf
  3763 | D:5      | Entered Level 5 of the Dungeon
  3866 | D:5      | Gained mutation: Your flesh is cold resistant. (rC+) [demonic ancestry]
  3866 | D:5      | Reached XP level 7. HP: 21/50 MP: 7/7
  4386 | D:5      | Found a deep blue altar of Sif Muna.
  4413 | D:5      | Reached skill level 1 in Invocations
  4722 | D:6      | Reached skill level 2 in Invocations
  4787 | D:6      | Reached skill level 1 in Armour
  4825 | D:6      | Gained mutation: You have very sharp fingernails. [demonic ancestry]
  4825 | D:6      | Reached XP level 8. HP: 56/57 MP: 8/10
  4840 | D:6      | Reached skill level 3 in Invocations
  4905 | D:6      | Found Qocoucsul's Food Boutique.
  4942 | D:6      | Reached *** piety under Uskayaw
  5140 | D:6      | Reached skill level 4 in Invocations
  5224 | D:6      | Reached **** piety under Uskayaw
  5359 | D:6      | Reached skill level 5 in Invocations
  5485 | D:6      | Reached ***** piety under Uskayaw
  5722 | D:6      | Found an opulent altar of Gozag.
  5755 | D:6      | Reached skill level 6 in Invocations
  5918 | D:7      | Gained mutation: You have claws for hands. [demonic ancestry]
  5918 | D:7      | Reached XP level 9. HP: 65/65 MP: 13/13
  5930 | D:7      | Found Fouwk's Gadget Boutique.
  6017 | D:7      | Noticed Dowan
  6019 | D:7      | Noticed Duvessa
  6027 | D:7      | Killed Duvessa
  6033 | D:7      | Killed Dowan
  6192 | D:7      | Reached skill level 7 in Invocations
  6949 | D:8      | Noticed an unseen horror
  6979 | D:8      | Killed an unseen horror
  6979 | D:8      | Reached skill level 5 in Dodging
  6979 | D:8      | Reached skill level 8 in Invocations
  7049 | D:8      | Reached skill level 5 in Fighting
  7685 | D:9      | Noticed a troll
  7692 | D:9      | Killed a troll
  7692 | D:9      | Reached skill level 9 in Invocations
  7692 | D:9      | Gained mutation: You have razor-sharp toenails. [demonic ancestry]
  7692 | D:9      | Reached XP level 10. HP: 51/74 MP: 12/16
  8323 | D:9      | Found an ornate altar of the Wu Jian Council.
  8432 | D:10     | Entered Level 10 of the Dungeon
  9245 | D:10     | Noticed an orc knight
  9273 | D:10     | Killed an orc knight
  9299 | D:10     | Reached skill level 5 in Armour
  9413 | D:10     | Found a staircase to the Lair.
  9425 | D:10     | Reached skill level 10 in Invocations
  9971 | D:10     | Found a sparkling altar of Nemelex Xobeh.
 10214 | D:10     | Found a roughly hewn altar of Beogh.
 10214 | D:10     | Found a staircase to the Orcish Mines.
 10670 | D:11     | Reached XP level 11. HP: 83/83 MP: 18/18
 11567 | D:11     | Noticed a two-headed ogre
 11601 | D:11     | Killed a two-headed ogre
 11601 | D:11     | Reached skill level 10 in Long Blades
 11669 | D:11     | Found Azoe's Antique Weapon Boutique.
 11839 | D:11     | Noticed an unseen horror
 11843 | D:11     | Killed an unseen horror
 12082 | D:12     | Noticed a two-headed ogre
 12089 | D:12     | Killed a two-headed ogre
 12089 | D:12     | Reached skill level 11 in Invocations
 12312 | D:12     | Noticed Zhenya24pyc's ghost (journeyman GrFi)
 12655 | D:12     | Found Boxkal's Food Boutique.
 13537 | D:12     | Noticed Josephine
 13544 | D:12     | Killed Josephine
 13965 | Lair:1   | Entered Level 1 of the Lair of Beasts
 13965 | Lair:1   | Noticed Grum
 13977 | Lair:1   | Killed Grum
 14057 | Lair:1   | Gained mutation: You are immune to freezing clouds. [demonic ancestry]
 14057 | Lair:1   | Reached XP level 12. HP: 83/92 MP: 20/20
 14217 | Lair:1   | Got a distressingly furry leather armour
 14726 | Lair:1   | Found a stormy altar of Qazlal.
 14973 | Lair:1   | Reached skill level 12 in Invocations
 15151 | Lair:2   | Identified the +0 leather armour "Ekeowk" {rElec rCorr} (You found it on level 1 of the Lair of Beasts)
 15234 | Lair:2   | Found a hole to the Spider Nest.
 16122 | Lair:2   | Noticed a six-headed hydra
 16123 | Lair:2   | Noticed a catoblepas
 16189 | Lair:2   | Killed a catoblepas
 16527 | Lair:3   | Noticed a death yak
 16531 | Lair:3   | Noticed a death yak
 16641 | Lair:3   | Reached ****** piety under Uskayaw
 16650 | Lair:3   | Killed a death yak
 16655 | Lair:3   | Killed a death yak
 16977 | Lair:3   | Reached skill level 13 in Invocations
 17443 | Lair:3   | Gained mutation: You have claws for feet. [demonic ancestry]
 17443 | Lair:3   | Reached XP level 13. HP: 93/101 MP: 19/22
 18479 | Lair:4   | Found a staircase to the Swamp.
 18929 | Lair:5   | Got a distressingly furry ring mail
 19540 | Lair:6   | Entered Level 6 of the Lair of Beasts
 20108 | Lair:6   | Reached skill level 10 in Fighting
 20616 | Lair:6   | Found a staircase to the Slime Pits.
 21040 | Lair:6   | Mangled by a death yak

Skill      XL: |  1  2  3  4  5  6  7  8  9 10 11 12 13 |
---------------+----------------------------------------+-----
Long Blades    | 3 4 5 6 7 8 9 10 11 12 | 12.3
Invocations    | 2 6 9 10 11 13 | 13.9
Armour         | 1 2 4 5 6 8 9 |  9.1
Dodging        | 3 4 5 6 7 8 9 |  9.6
Fighting       | 3 5 6 7 9 10 | 10.1
Throwing       | |  1.7

Action                   |  1- 3 |  4- 6 |  7- 9 | 10-12 | 13-15 || total
-------------------------+-------+-------+-------+-------+-------++-------
Melee: Long sword        |    72 |   132 |   313 |   260 |       ||   777
       Headbutt          |       |    21 |    72 |   178 |    89 ||   360
       Kick              |       |    37 |    94 |   122 |   112 ||   365
       Unarmed           |       |       |     5 |       |       ||     5
       Scimitar          |       |       |       |   439 |   301 ||   740
Invok: Stomp             |       |       |    16 |    53 |    11 ||    80
       Line Pass         |       |       |     1 |     1 |       ||     2
Evoke: Wand              |       |       |     8 |    26 |    12 ||    46
       Phantom mirror    |       |       |       |       |     1 ||     1
  Use: Scroll            |       |       |     8 |     8 |     2 ||    18
       Potion            |       |       |       |     2 |     3 ||     5
 Stab: Sleeping          |       |     1 |       |       |       ||     1
       Paralysed         |       |       |     7 |    37 |    25 ||    69
       Distracted        |       |       |     2 |     3 |     2 ||     7
       Petrified         |       |       |       |     6 |       ||     6
  Eat: Chunk             |     2 |     8 |    11 |    23 |     7 ||    51
       Ration            |       |       |     1 |     5 |     2 ||     8
Armor: Leather armour    |    18 |       |       |       |       ||    18
       Chain mail        |       |    59 |   188 |   343 |   125 ||   715
Dodge: Dodged            |    67 |    45 |    81 |   225 |   124 ||   542
Block: Shield            |       |       |    92 |   391 |   175 ||   658
       Reflection        |       |       |       |     3 |       ||     3
       Rpst.: Long sword |    26 |    24 |    27 |    24 |       ||   101
       Scimitar          |       |       |       |    52 |    40 ||    92
